[Event "Team 45 45 League T47"]
[Site "Internet Chess Club"]
[Date "2010.11.21"]
[Round "3"]
[White "j65536d"]
[Black "Phosphorus"]
[Result "1-0"]
[WhiteElo "1856"]
[BlackElo "2028"]
[Opening "French: Tarrasch, closed variation"]
[ECO "C05"]
[Time "14:00:38"]
[TimeControl "2700+45"]

1. e4 e6 2. d4 d5 3. Nd2 Nf6 4. e5 Nfd7 5. f4 c5 6. c3 Nc6 7. Ngf3 a5 8. Be2 Be7
9. Nf1 f6 10. Ne3 fxe5 11. fxe5 O-O 12. O-O Qb6 13. Rb1 cxd4 14. cxd4 a4 15. a3
Qa7 16. h4 h6 17. Qd3 b5 18. Kh1 b4 19. Qg6 Ndxe5 20. dxe5 {Black resigns} 1-0

[Event "Team 45 45 League T47"]
[Site "Internet Chess Club"]
[Date "2010.11.18"]
[Round "3"]
[White "Portola"]
[Black "BraafPaard"]
[Result "0-1"]
[WhiteElo "1779"]
[BlackElo "1617"]
[Opening "Queen's pawn game"]
[ECO "D00"]
[Time "19:00:25"]
[TimeControl "2700+45"]

1. d4 Nf6 2. Nc3 d5 3. Nf3 Bf5 4. Bg5 Ne4 5. Bd2 e6 6. e3 c5 7. Be2 Be7 8. O-O
O-O 9. dxc5 Nxd2 10. Qxd2 Bxc5 11. a3 a6 12. Rfd1 Nc6 13. Rac1 Qc7 14. h3 Rad8
15. Nd4 Nxd4 16. exd4 Bd6 17. Qe1 Bf4 18. Ra1 Bxc2 19. Rdc1 Bxc1 20. Rxc1 Bg6
21. h4 Rc8 22. h5 Bf5 23. g4 Qf4 24. gxf5 Qxf5 25. Rd1 Qg5+ 26. Kf1 Qh4 27. Bf3
Rc4 28. Qe5 Qf6 29. Qe3 b5 30. Be2 Rc6 31. Qg3 Rfc8 32. Rd3 h6 33. Qh2 Qg5 34.
Rg3 Qc1+ 35. Nd1 R8c7 36. Rc3 Rxc3 37. bxc3 Rxc3 38. Kg2 Rc8 39. Ne3 Qxa3 40.
Ng4 Qc3 41. Qf4 Qc7 42. Qe3 Qe7 43. Qg3 Qg5 44. f4 Qe7 45. Nxh6+ Kf8 46. Ng4 Rc2
47. Qf2 b4 48. Ne3 Ra2 49. h6 gxh6 50. Kf3 b3 51. Qh2 b2 52. Qxh6+ Ke8 53. Bd3
Ra1 54. Qh7 f5 55. Qh8+ Kd7 56. Qb8 Ra4 57. Qb7+ Ke8 58. Qxb2 Qb4 59. Qh2 Qxd4
60. Qh5+ Ke7 61. Qh7+ Kd6 62. Qxf5 exf5 63. Nxf5+ Kd7 64. Nxd4 Rxd4 65. Bxa6 Kd6
66. Kg4 Ra4 67. Bd3 d4 68. Kf5 Kc5 69. Ke4 Ra7 70. Bc2 Re7+ 71. Kf5 Kc4 72. Kf6
Re2 73. Ba4 Kc3 74. f5 Kb4 75. Bd1 Re1 76. Bf3 d3 77. Kf7 d2 78. f6 Kc5 79. Kf8
Rf1 {White resigns} 0-1

[Event "Team 45 45 League T47"]
[Site "Internet Chess Club"]
[Date "2010.11.19"]
[Round "3"]
[White "BlackHorse"]
[Black "SlimeDog2"]
[Result "0-1"]
[WhiteElo "1991"]
[BlackElo "2116"]
[Opening "Petrov three knights game"]
[ECO "C42"]
[Time "20:33:20"]
[TimeControl "2700+45"]

1. e4 e5 2. Nf3 Nf6 3. Nc3 Bb4 4. Bc4 O-O 5. d3 d5 6. exd5 Nxd5 7. Bd2 Nxc3 8.
bxc3 Bd6 9. h3 a5 10. Ng5 h6 11. h4 Nd7 12. Qh5 Qe7 13. f3 Nf6 14. Qg6 b5 15.
Bd5 c6 16. Bxf7+ Rxf7 17. Nxf7 Qxf7 18. Qxf7+ Kxf7 19. g4 Be6 20. a4 Bd5 21. Ke2
b4 22. c4 Be6 23. g5 hxg5 24. hxg5 Nd7 25. Rag1 Kg6 26. c3 c5 27. Ra1 Bf5 28.
Rhb1 Nf8 29. cxb4 axb4 30. a5 Ra6 31. Be3 Ne6 32. Rh1 Bc7 33. Rh8 Rxa5 34. Rxa5
Bxa5 35. Ra8 Bd8 36. Bxc5 Nxc5 37. Rxd8 b3 38. Kd2 b2 39. Rb8 Nxd3 40. c5 Nb4
41. Rxb4 b1=Q 42. Rxb1 Bxb1 43. c6 Kxg5 {White resigns} 0-1

[Event "Team 45 45 League T47"]
[Site "Internet Chess Club"]
[Date "2010.11.20"]
[Round "3"]
[White "sidd2007"]
[Black "BuddyT"]
[Result "1-0"]
[WhiteElo "1750"]
[BlackElo "1735"]
[Opening "French: Winawer, advance variation"]
[ECO "C18"]
[Time "21:00:13"]
[TimeControl "2700+45"]

1. e4 e6 2. d4 d5 3. Nc3 Bb4 4. e5 c5 5. a3 Bxc3+ 6. bxc3 Qa5 7. Qd2 Nc6 8. Nf3
b6 9. Bd3 Ba6 10. O-O Bxd3 11. Qxd3 c4 12. Qd2 Nge7 13. a4 b5 14. Ba3 bxa4 15.
Ra2 Rb8 16. Rfa1 Nf5 17. Bc5 Qb5 18. Rxa4 a5 19. g4 Nfe7 20. Qg5 Kd7 21. Bxe7 h6
22. Qxg7 Rhg8 23. Qxf7 Rxg4+ 24. Kf1 Nxe7 25. Rxa5 Qb2 26. Ra7+ Rb7 27. R1a6 Rg6
28. Rd6+ Kc8 29. Qe8+ Kc7 30. Qd8# {Black checkmated} 1-0

[Event "Team 45 45 League T47"]
[Site "Internet Chess Club"]
[Date "2010.11.21"]
[Round "3"]
[White "empire32"]
[Black "musk6868"]
[Result "1/2-1/2"]
[WhiteElo "1746"]
[BlackElo "1798"]
[Opening "Sicilian: Grand Prix attack"]
[ECO "B23"]
[Time "18:00:15"]
[TimeControl "2700+45"]

1. e4 c5 2. Nc3 Nc6 3. f4 g6 4. Nf3 Bg7 5. Bc4 e6 6. O-O Nge7 7. d3 O-O 8. a3 d6
9. Qe1 a6 10. Be3 Bd7 11. Qh4 b5 12. Ba2 b4 13. axb4 cxb4 14. Na4 Rb8 15. Ng5 h6
16. Nf3 Nc8 17. Qg3 Na5 18. Bb1 Nb7 19. c3 Qe8 20. Bc2 b3 21. Bxb3 Na5 22. Bc2
Nb3 23. Bxb3 Rxb3 24. Nd2 Bxa4 25. Nxb3 Bxb3 26. f5 exf5 27. exf5 Qe5 28. Bf4
Qc5+ 29. d4 Qb6 30. fxg6 fxg6 31. Qxg6 Bf7 32. Qg3 Kh7 33. b4 Bg6 34. Rae1 Rf6
35. Qh3 Bf5 36. Qh4 Rg6 37. Re8 Qc6 38. Re2 Bf6 39. Qe1 Bd3 40. Bd2 Bxe2 41.
Qxe2 {Game drawn by mutual agreement} 1/2-1/2

[Event "Team 45 45 League T47"]
[Site "Internet Chess Club"]
[Date "2010.11.18"]
[Round "3"]
[White "SaltofLife"]
[Black "viking99"]
[Result "1/2-1/2"]
[WhiteElo "1969"]
[BlackElo "1848"]
[Opening "French: King's Indian attack"]
[ECO "C00"]
[Time "15:32:03"]
[TimeControl "2700+45"]

1. e4 e6 2. d3 c5 3. g3 Nc6 4. Bg2 d5 5. Qe2 dxe4 6. dxe4 Nf6 7. c3 Be7 8. e5
Nd7 9. f4 Qc7 10. Nf3 b6 11. Be3 Bb7 12. Na3 a6 13. Rd1 Na5 14. O-O O-O 15. Nd2
b5 16. Ne4 Rfd8 17. Qf2 Bd5 18. b3 Qc6 19. Nd2 Nb6 20. c4 Bxg2 21. Qxg2 Qxg2+
22. Kxg2 bxc4 23. Naxc4 Naxc4 24. bxc4 Rd3 25. Kf2 Rad8 26. Ke2 Na4 27. Nb1 Rxd1
28. Rxd1 Rxd1 29. Kxd1 Nb2+ 30. Kc2 Nxc4 31. Bf2 Kf8 32. Kb3 Na5+ 33. Ka4 Nc6
34. Nc3 Ke8 35. Ne4 Nb4 36. a3 Nd3 37. Be3 Kd7 38. Kb3 Kc6 39. Kc3 Ne1 40. Kc4
Nf3 41. h3 h6 42. Nd6 Bxd6 43. exd6 f6 44. d7 Kxd7 45. Bxc5 h5 46. Bf8 g5 47.
fxg5 fxg5 48. Kd3 Ng1 49. g4 hxg4 50. hxg4 e5 51. Ke4 Ke6 52. Bc5 Ne2 53. Be3
Nf4 54. Bd2 Nh3 55. Be3 Nf4 56. Bd2 Nh3 57. Be3 Nf4 {Game drawn by repetition}
1/2-1/2

[Event "Team 45 45 League T47"]
[Site "Internet Chess Club"]
[Date "2010.11.21"]
[Round "3"]
[White "Rookmaster"]
[Black "Twan709"]
[Result "0-1"]
[WhiteElo "1765"]
[BlackElo "1801"]
[Opening "Sicilian: Nimzovich-Rossolimo attack (without ...d6)"]
[ECO "B30"]
[Time "19:00:36"]
[TimeControl "2700+45"]

1. e4 c5 2. Nf3 Nc6 3. Bb5 d6 4. d4 cxd4 5. Qxd4 Bd7 6. Bxc6 Bxc6 7. Nc3 Nf6 8.
Bg5 e6 9. O-O-O Be7 10. Rhe1 O-O 11. e5 Bxf3 12. exf6 gxf6 13. Bh6 Bxd1 14. Rxd1
Kh8 15. Bxf8 Qxf8 16. Kb1 d5 17. Rd3 Bd6 18. Qxf6+ Qg7 19. Qf3 f5 20. g3 a6 21.
Ne2 Qg4 22. Qxg4 fxg4 23. Nd4 Re8 24. f4 gxf3 25. Rxf3 e5 26. Ne2 e4 27. Rf7 Re7
28. Rf8+ Kg7 29. Rd8 Re6 30. Rd7+ Be7 31. Rxb7 Kf6 32. Rd7 Ke5 33. c3 Bg5 34.
Rf7 Rf6 35. Rxf6 Bxf6 36. Kc2 Kf5 37. h3 Be5 38. g4+ Kg5 39. Kd1 Kh4 40. Ng1 Kg3
41. g5 Kg2 42. Ne2 Kxh3 43. Nc1 Kg4 44. Nb3 Kxg5 45. Nc5 h5 46. Nxa6 h4 47. Ke2
h3 48. Kf2 e3+ 49. Kg1 e2 50. Kf2 h2 51. Nc5 h1=Q 52. Ne6+ Kf6 53. Kxe2 Kxe6
{White resigns} 0-1

[Event "Team 45 45 League T47"]
[Site "Internet Chess Club"]
[Date "2010.11.19"]
[Round "3"]
[White "siddhu"]
[Black "Kingofknights"]
[Result "1/2-1/2"]
[WhiteElo "1826"]
[BlackElo "1631"]
[Opening "Caro-Kann: Panov-Botvinnik attack"]
[ECO "B13"]
[Time "19:00:18"]
[TimeControl "2700+45"]

1. e4 c6 2. d4 d5 3. exd5 cxd5 4. c4 Nf6 5. Nf3 e6 6. cxd5 Nxd5 7. Bb5+ Bd7 8.
Bxd7+ Qxd7 9. O-O Nc6 10. Nc3 Be7 11. Nxd5 Qxd5 12. Be3 O-O 13. Qc2 Rac8 14.
Rfc1 h6 15. a3 Rfd8 16. Qc4 a6 17. b4 Qxc4 18. Rxc4 b5 19. Rc2 f6 20. Rac1 Rd6
21. Bf4 e5 22. dxe5 fxe5 23. Nxe5 Rcd8 24. h3 Nxe5 25. Bxe5 Rd1+ 26. Rxd1 Rxd1+
27. Kh2 Bd6 28. Bxd6 Rxd6 29. Rc8+ Kf7 30. Ra8 Ke6 31. f3 Kd5 32. g4 Kc4 33. Kg3
Kb3 34. h4 g6 35. Rh8 g5 36. hxg5 hxg5 37. Rg8 Rd5 38. Rg6 Kxa3 39. Rxa6+ Kxb4
40. Kf2 Kc3 41. Rc6+ Kd3 42. Rb6 Rc5 43. Kg3 Kc3 44. f4 gxf4+ 45. Kxf4 b4 46. g5
b3 47. g6 b2 48. g7 Rc8 49. Kg5 {Game drawn by mutual agreement} 1/2-1/2

[Event "Team 45 45 League T47"]
[Site "Internet Chess Club"]
[Date "2010.11.20"]
[Round "3"]
[White "Ernie1"]
[Black "Whalen"]
[Result "1-0"]
[WhiteElo "1624"]
[BlackElo "1604"]
[Opening "Queen's pawn"]
[ECO "A40"]
[Time "11:00:33"]
[TimeControl "2700+45"]

1. d4 e6 2. Nf3 f5 3. Bf4 Nf6 4. e3 d6 5. c4 Be7 6. Qc2 b6 7. Nc3 Bb7 8. O-O-O
O-O 9. Bd3 Qe8 10. Rde1 a6 11. e4 fxe4 12. Nxe4 h6 13. Qd2 Qh5 14. Ng3 Qf7 15.
Qc2 Ng4 16. Be3 Nxe3 17. Rxe3 Bxf3 18. Rxf3 Bg5+ 19. Kb1 Qe7 20. Bh7+ Kh8 21.
Rxf8+ Qxf8 22. Qe4 c6 23. Bg6 Qf6 24. Re1 e5 25. dxe5 dxe5 26. Nh5 Qd6 27. f4
Nd7 28. fxg5 Nc5 29. gxh6 Nxe4 30. hxg7+ Kg8 31. Bxe4 Qd2 32. Rc1 Qg5 33. Bxc6
Ra7 34. Bd5+ Kh7 35. g8=Q+ Qxg8 36. Nf6+ Kg7 37. Nxg8 Rd7 38. Re1 Rd8 39. Rxe5
{Black resigns} 1-0

[Event "Team 45 45 League T47"]
[Site "Internet Chess Club"]
[Date "2010.11.21"]
[Round "3"]
[White "chess9793"]
[Black "Paulkov"]
[Result "1/2-1/2"]
[WhiteElo "2064"]
[BlackElo "2255"]
[Opening "KP: Nimzovich defense"]
[ECO "B00"]
[Time "20:00:36"]
[TimeControl "2700+45"]

1. e4 Nc6 2. d4 d6 3. Nf3 Nf6 4. Nc3 Bg4 5. Be3 e6 6. h3 Bh5 7. d5 exd5 8. exd5
Ne5 9. g4 Bg6 10. Nd2 h6 11. Bg2 Be7 12. f4 Ned7 13. Nde4 Nxe4 14. Nxe4 Bxe4 15.
Bxe4 Bh4+ 16. Kd2 O-O 17. Qf3 Re8 18. Raf1 Qe7 19. Bd3 Nc5 20. Bf2 Bxf2 21. Rxf2
c6 22. Rhf1 Nxd3 23. Qxd3 cxd5 24. Kc1 Rac8 25. a3 Qe4 26. Rd1 Rc5 27. Kb1 Qe3
28. Rf3 Qxd3 29. Rfxd3 Re2 30. R3d2 Rxd2 31. Rxd2 Kf8 32. b4 Rc3 33. Rd3 Rxd3
34. cxd3 d4 35. Kc2 b5 36. Kd2 Ke7 37. Ke2 f5 38. Kf3 Kf6 39. gxf5 Kxf5 40. Kg3
g5 41. fxg5 Kxg5 {Game drawn by mutual agreement} 1/2-1/2

[Event "Team 45 45 League T47"]
[Site "Internet Chess Club"]
[Date "2010.11.21"]
[Round "3"]
[White "jorobo"]
[Black "leland"]
[Result "1-0"]
[WhiteElo "2102"]
[BlackElo "1824"]
[Opening "English: symmetrical variation"]
[ECO "A34"]
[Time "22:00:13"]
[TimeControl "2700+45"]

1. c4 c5 2. Nc3 g6 3. Nf3 Bg7 4. e3 d6 5. Be2 Nf6 6. O-O Nc6 7. d4 cxd4 8. exd4
O-O 9. h3 Bf5 10. d5 Nb8 11. g4 Bd7 12. Re1 Na6 13. Bf1 Nc5 14. Bf4 Re8 15. Qd2
Rc8 16. Re3 Rc7 17. Rae1 a6 18. b4 Na4 19. Nxa4 Bxa4 20. c5 Rc8 21. c6 bxc6 22.
Bxa6 Rc7 23. dxc6 Bxc6 24. Nd4 Qa8 25. Nxc6 Qxc6 26. b5 Qb6 27. a4 Rc4 28. Rxe7
Rxe7 29. Rxe7 Rxa4 30. Rb7 Qc5 31. Rb8+ Bf8 32. Rxf8+ Kg7 33. Bh6# {Black
checkmated} 1-0

[Event "Team 45 45 League T47"]
[Site "Internet Chess Club"]
[Date "2010.11.21"]
[Round "3"]
[White "ice-cream"]
[Black "azbycx"]
[Result "0-1"]
[WhiteElo "1773"]
[BlackElo "1902"]
[Opening "Scandinavian defense"]
[ECO "B01"]
[Time "22:00:42"]
[TimeControl "2700+45"]

1. e4 d5 2. exd5 Nf6 3. Nc3 Nxd5 4. Bc4 c6 5. Qe2 Nf6 6. Nf3 g6 7. O-O Bg7 8.
Re1 Bg4 9. h3 Bxf3 10. Qxf3 O-O 11. d3 a5 12. Bg5 Nbd7 13. a3 Re8 14. Re2 Qc7
15. Rae1 e6 16. Bd2 b5 17. Bb3 Nb6 18. Bf4 Qd7 19. Be5 Nbd5 20. Bxd5 Nxd5 21.
Bxg7 Kxg7 22. Nxd5 exd5 23. Rxe8 Rxe8 24. Rxe8 Qxe8 25. Qe3 Qxe3 26. fxe3 Kf6
27. Kf2 Ke5 28. Kf3 d4 29. exd4+ Kxd4 30. Kf4 f6 31. h4 h6 32. g4 c5 33. Kf3 b4
34. axb4 cxb4 35. Ke2 a4 36. Kd2 f5 37. gxf5 gxf5 38. c3+ bxc3+ 39. bxc3+ Kd5
40. Ke3 a3 41. c4+ Kc5 42. Kf4 a2 43. Kxf5 a1=Q 44. Kg6 Qa6+ 45. Kh7 Qe6 46. h5
Kd4 47. Kg7 Kxd3 48. Kh7 Kxc4 49. Kg7 Kd5 50. Kh7 Ke5 51. Kg7 Kf5 52. Kh7 Kg5
53. Kg7 Kxh5 54. Kh7 Kg5 55. Kg7 Qe7+ 56. Kg8 Kg6 57. Kh8 Qg7# {White
checkmated} 0-1

[Event "Team 45 45 League T47"]
[Site "Internet Chess Club"]
[Date "2010.11.21"]
[Round "3"]
[White "az2112"]
[Black "kid6988"]
[Result "1-0"]
[WhiteElo "1761"]
[BlackElo "1525"]
[Opening "Ruy Lopez: 5.O-O"]
[ECO "C78"]
[Time "23:00:35"]
[TimeControl "2700+45"]

1. e4 e5 2. Nf3 Nc6 3. Bb5 a6 4. Ba4 Nf6 5. O-O b5 6. Bb3 Bc5 7. a4 Rb8 8. c3 d6
9. axb5 axb5 10. d4 Bb6 11. Na3 Ba6 12. dxe5 dxe5 13. Qxd8+ Rxd8 14. Bg5 Rd6 15.
Nxb5 Bxb5 16. c4 Bxc4 17. Bxc4 Nxe4 18. Ra8+ Nd8 19. Rxd8+ Rxd8 20. Bxd8 Kxd8
21. Nxe5 Ke7 22. Nd3 Nd2 23. Re1+ Kf6 24. Bb5 Rd8 25. Ne5 Rd5 26. Nd7+ Kf5 27.
Nxb6 Rxb5 28. Nd7 Rxb2 29. Re5+ Kg6 30. h4 h6 31. h5+ Kh7 32. Re7 Kg8 33. Re8+
Kh7 34. Re7 Kg8 35. Re8+ Kh7 36. Nf8+ Kg8 37. Ng6+ Kh7 38. Rh8# {Black
checkmated} 1-0

[Event "Team 45 45 League T47"]
[Site "Internet Chess Club"]
[Date "2010.11.23"]
[Round "3"]
[White "Chatica"]
[Black "jefferyx"]
[Result "1/2-1/2"]
[WhiteElo "2080"]
[BlackElo "2016"]
[Opening "Sicilian: Smith-Morra gambit"]
[ECO "B21"]
[Time "17:02:16"]
[TimeControl "2700+45"]

1. e4 c5 2. d4 cxd4 3. c3 Nf6 4. e5 Nd5 5. Nf3 Nc6 6. Bc4 Nb6 7. Bb3 d5 8. exd6
Qxd6 9. cxd4 Be6 10. Nc3 Bxb3 11. Qxb3 e6 12. O-O Be7 13. Nb5 Qd8 14. Bf4 Nd5
15. Nc7+ Nxc7 16. Qxb7 Nxd4 17. Nxd4 Qxd4 18. Qxc7 O-O 19. Be5 Qd8 20. Rac1 Bf6
21. Qxd8 Rfxd8 22. Bxf6 gxf6 23. Rfd1 Kf8 24. Kf1 Rxd1+ 25. Rxd1 Ke7 26. Ke2 Rc8
27. Kd3 Rc5 28. Rd2 Ra5 29. b4 Rh5 30. h3 Kd6 31. Kc4+ Kc6 32. a4 a6 33. Rd8 Rg5
34. g4 f5 35. f4 Rg6 36. g5 f6 37. gxf6 Rxf6 {Game drawn by mutual agreement}
1/2-1/2

[Event "Team 45 45 League T47"]
[Site "Internet Chess Club"]
[Date "2010.11.21"]
[Round "3"]
[White "DARKwizard1"]
[Black "Gregorio"]
[Result "0-1"]
[WhiteElo "2104"]
[BlackElo "2031"]
[Opening "Scotch gambit"]
[ECO "C44"]
[Time "10:04:40"]
[TimeControl "2700+45"]

1. e4 e5 2. Nf3 Nc6 3. d4 exd4 4. Bc4 d6 5. c3 d3 6. Qxd3 g6 7. Bf4 Bg7 8. O-O
Nge7 9. Re1 O-O 10. Na3 Be6 11. Rad1 a6 12. Bg3 Na5 13. Bxe6 fxe6 14. b4 Nac6
15. Ng5 Qd7 16. Qc4 Nd8 17. Qb3 h6 18. Nf3 Kh7 19. Nc2 Qe8 20. a4 e5 21. Ne3 Qf7
22. Qc2 Ne6 23. a5 Nf4 24. c4 Nxg2 25. Nxg2 Qxf3 26. c5 Rac8 27. Rd3 Qf7 28.
cxd6 cxd6 29. Qd2 Nc6 30. Rf1 Nd4 31. Rxd4 exd4 32. Bxd6 Rfe8 33. Re1 d3 34.
Qxd3 Rc3 35. Qe2 Qe6 36. Bc5 Rc4 37. Nf4 Qxe4 38. Qxe4 Rcxe4 39. Rxe4 Rxe4 40.
Nd5 Rg4+ 41. Kf1 Rh4 42. Kg2 Be5 43. h3 Bd4 44. Kg3 Rh5 45. Bxd4 Rxd5 46. Bc5 g5
47. f4 Rd3+ 48. Kg4 gxf4 49. Kxf4 Rxh3 50. Ke5 Rd3 51. Bd4 h5 52. Kd5 h4 53. Kc4
Rxd4+ {White resigns} 0-1

[Event "Team 45 45 League T47"]
[Site "Internet Chess Club"]
[Date "2010.11.23"]
[Round "3"]
[White "AndreMorais"]
[Black "Cryptochess"]
[Result "0-1"]
[WhiteElo "1887"]
[BlackElo "2162"]
[Opening "Pirc: Austrian attack, dragon formation"]
[ECO "B09"]
[Time "16:29:30"]
[TimeControl "2700+45"]

1. e4 d6 2. d4 Nf6 3. Nc3 g6 4. f4 Bg7 5. Nf3 c5 6. dxc5 Qa5 7. Qd3 Qxc5 8. Be3
Qa5 9. Qb5+ Qxb5 10. Nxb5 Na6 11. Bd3 b6 {White resigns} 0-1

[Event "Team 45 45 League T47"]
[Site "Internet Chess Club"]
[Date "2010.11.21"]
[Round "3"]
[White "nhh"]
[Black "LucaTrapani"]
[Result "0-1"]
[WhiteElo "1842"]
[BlackElo "1937"]
[Opening "French: MacCutcheon, Lasker variation, 8...g6"]
[ECO "C12"]
[Time "15:03:36"]
[TimeControl "2700+45"]

1. e4 e6 2. d4 d5 3. Nc3 Nf6 4. Bg5 Bb4 5. e5 h6 6. Bd2 Bxc3 7. bxc3 Ne4 8. Qg4
g6 9. Bd3 Nxd2 10. Kxd2 c5 11. Nh3 Nc6 12. Bb5 cxd4 13. Bxc6+ bxc6 14. Qxd4 Qa5
15. Qb4 Qc7 16. Rhe1 c5 17. Qa3 O-O 18. Nf4 a5 19. Nd3 c4 20. Qc5 Qd8 21. Nf4
Qh4 22. g3 Qg5 23. Qe3 Bd7 24. Ne2 Qxe3+ 25. Kxe3 f6 26. exf6 Rxf6 27. f4 Re8
28. Nd4 e5 29. fxe5 Rxe5+ 30. Kd2 Rf2+ 31. Re2 Rexe2+ 32. Nxe2 Bg4 33. Re1 Rxh2
34. Ke3 Rxe2+ 35. Rxe2 Bxe2 36. Kxe2 Kf7 37. Ke3 Ke6 38. Kf4 Kf6 39. g4 Ke6 40.
Kf3 Ke5 41. Ke3 a4 42. a3 h5 {White resigns} 0-1

[Event "Team 45 45 League T47"]
[Site "Internet Chess Club"]
[Date "2010.11.19"]
[Round "3"]
[White "Terte"]
[Black "Scotty2Cues"]
[Result "1-0"]
[WhiteElo "2116"]
[BlackElo "1954"]
[Opening "King's pawn opening"]
[ECO "B07"]
[Time "03:14:07"]
[TimeControl "2700+45"]

1. e4 d6 2. d4 g6 3. Nf3 Bg7 4. Be3 c5 5. Bc4 e6 6. Nc3 cxd4 7. Bxd4 Nf6 8. Bxf6
Bxf6 9. e5 dxe5 10. Qxd8+ Kxd8 11. O-O-O+ Ke7 12. Rhe1 Nc6 13. Ne4 Bg7 14. c3 b6
15. Bb5 Bd7 16. Nd6 f6 17. Ba6 Rab8 18. Rd3 Nd8 19. Red1 Bh6+ 20. Kc2 Bc6 21.
Nc8+ Rxc8 22. Bxc8 Be4 23. Kb3 Bxd3 24. Rxd3 a5 25. a4 Bf8 26. Nd2 Ke8 27. Ne4
Be7 28. Nd6+ Kf8 29. Nc4 {Black forfeits on time} 1-0

[Event "Team 45 45 League T47"]
[Site "Internet Chess Club"]
[Date "2010.11.19"]
[Round "3"]
[White "poni"]
[Black "The-Economist"]
[Result "1/2-1/2"]
[WhiteElo "1978"]
[BlackElo "1960"]
[Opening "Réti: King's Indian attack (Barcza system)"]
[ECO "A07"]
[Time "12:21:47"]
[TimeControl "2700+45"]

1. Nf3 d5 2. g3 Bg4 3. Bg2 Nf6 4. O-O e6 5. d3 Nbd7 6. Nbd2 Bd6 7. e4 c6 8. Qe1
dxe4 9. dxe4 e5 10. Nc4 Bc7 11. Bg5 O-O 12. Rd1 Qe7 13. Ne3 Bxf3 14. Bxf3 h6 15.
Nf5 Qe6 16. Bxf6 Nxf6 17. Qb4 Rab8 18. a3 a5 19. Qc5 Rfd8 20. Rxd8+ Rxd8 21. Qa7
Rb8 22. Rd1 Kh7 23. Qc5 b6 24. Qe7 Qxe7 25. Nxe7 c5 26. Nd5 Nxd5 27. exd5 Rd8
28. Be2 f5 29. Bb5 g6 30. Bc6 {Game drawn by mutual agreement} 1/2-1/2

[Event "Team 45 45 League T47"]
[Site "Internet Chess Club"]
[Date "2010.11.22"]
[Round "3"]
[White "AugustoCaruso"]
[Black "Uwak"]
[Result "0-1"]
[WhiteElo "2242"]
[BlackElo "2263"]
[Opening "Sicilian: Taimanov variation"]
[ECO "B45"]
[Time "11:00:23"]
[TimeControl "2700+45"]

1. e4 c5 2. Nc3 e6 3. Nf3 Nc6 4. d4 cxd4 5. Nxd4 Nf6 6. Nxc6 bxc6 7. e5 Nd5 8.
Ne4 Qc7 9. f4 Qa5+ 10. Bd2 Qb6 11. Bd3 Be7 12. Qe2 f5 13. exf6 Nxf6 14. Bc3 O-O
15. O-O-O Nd5 16. Be5 Qe3+ 17. Qxe3 Nxe3 18. Rde1 Ng4 19. h3 Nxe5 20. fxe5 c5
21. Bb5 Rb8 22. Nc3 Bg5+ 23. Kd1 a6 24. Bc4 Rxb2 25. Bb3 Rf2 26. Re2 Rf4 27. h4
Rd4+ 28. Ke1 Bxh4+ 29. Kf1 Rb1+ {White resigns} 0-1

[Event "Team 45 45 League T47"]
[Site "Internet Chess Club"]
[Date "2010.11.20"]
[Round "3"]
[White "screamingeagle"]
[Black "Deckfuel"]
[Result "1-0"]
[WhiteElo "2056"]
[BlackElo "2029"]
[Opening "KP: Nimzovich defense"]
[ECO "B00"]
[Time "10:04:07"]
[TimeControl "2700+45"]

1. e4 Nc6 2. d4 d5 3. e5 f6 4. Bd3 g6 5. f4 Nxd4 6. Bxg6+ hxg6 7. Qxd4 Bf5 8.
Nc3 e6 9. Qf2 Bb4 10. Nf3 Qd7 11. h3 b6 12. Bd2 Bxc2 13. exf6 Nxf6 14. Qd4 Qe7
15. Nb5 Bc5 16. Qc3 Ba4 17. Nxc7+ Kd7 18. Nxa8 Bf2+ 19. Ke2 Bb5+ 20. Kd1 Rxa8
21. a4 Ba6 22. Ne5+ Ke8 23. Qc6+ Kf8 24. Nxg6+ {Black resigns} 1-0

[Event "Team 45 45 League T47"]
[Site "Internet Chess Club"]
[Date "2010.11.24"]
[Round "3"]
[White "Vaigpertu"]
[Black "easycure"]
[Result "1/2-1/2"]
[WhiteElo "2295"]
[BlackElo "2341"]
[Opening "Benoni: fianchetto, 11...Re8"]
[ECO "A64"]
[Time "16:31:20"]
[TimeControl "2700+45"]

1. d4 Nf6 2. c4 e6 3. g3 c5 4. d5 exd5 5. cxd5 d6 6. Nc3 g6 7. Bg2 Bg7 8. Nf3
O-O 9. O-O a6 10. a4 Nbd7 11. Nd2 Re8 12. h3 Rb8 13. Nc4 Nb6 14. Na3 Bd7 15. e4
Qc7 16. Bf4 Nh5 17. Bg5 Nxa4 18. Nxa4 b5 19. Nxc5 Qxc5 20. Rc1 Qb6 21. Be3 Qb7
22. Qd2 Nf6 23. Qb4 Red8 24. Bf4 Ne8 25. Nc2 a5 26. Qxa5 Bxb2 27. Rb1 Be5 28.
Be3 Rdc8 29. Nd4 Rc4 30. Qd2 b4 31. Rfc1 Rxc1+ 32. Qxc1 Nc7 33. Nc6 Bxc6 34.
dxc6 Qa6 35. Bf1 Qa4 36. Qc4 Bc3 37. Be2 h5 38. Bd1 Qa6 39. Bb3 Qxc4 40. Bxc4
Rc8 41. Rd1 Ne8 42. Bd5 b3 43. Bxb3 Rxc6 44. Ba4 Rc8 45. Bxe8 Rxe8 46. Rxd6
{Game drawn by mutual agreement} 1/2-1/2

[Event "Team 45 45 League T47"]
[Site "Internet Chess Club"]
[Date "2010.11.20"]
[Round "3"]
[White "technika"]
[Black "pestka"]
[Result "1/2-1/2"]
[WhiteElo "2091"]
[BlackElo "2281"]
[Opening "Sicilian: Grand Prix attack"]
[ECO "B23"]
[Time "15:45:42"]
[TimeControl "2700+45"]

1. e4 c5 2. Nc3 Nc6 3. f4 g6 4. Nf3 Bg7 5. Bb5 Nd4 6. Bd3 d6 7. Nxd4 cxd4 8. Ne2
Nf6 9. O-O O-O 10. Qe1 Bd7 11. Ng3 e5 12. c3 exf4 13. Rxf4 Re8 14. Qf1 Qe7 15.
Bc4 dxc3 16. dxc3 Rac8 17. Bb3 Be6 18. Ba4 Bd7 19. Bxd7 Nxd7 20. Be3 Nc5 21.
Bxc5 dxc5 22. Rf3 Rcd8 23. Qc4 Rd2 24. Raf1 Rxb2 25. Rxf7 Qe6 26. Qxc5 Qxa2 27.
Rxg7+ Kxg7 28. Nh5+ gxh5 29. Qg5+ Kh8 30. Qf6+ Kg8 31. Qg5+ {Game drawn by
mutual agreement} 1/2-1/2

[Event "Team 45 45 League T47"]
[Site "Internet Chess Club"]
[Date "2010.11.20"]
[Round "3"]
[White "Jack-ONeill"]
[Black "jorobo"]
[Result "0-1"]
[WhiteElo "2000"]
[BlackElo "2096"]
[Opening "Queen's bishop game"]
[ECO "D02"]
[Time "12:00:55"]
[TimeControl "2700+45"]

1. Nf3 d5 2. d4 Nf6 3. Bf4 c5 4. c3 Qb6 5. Qb3 Nc6 6. e3 c4 7. Qc2 Bf5 8. Qc1 e6
9. Nbd2 Qd8 10. Be2 h6 11. O-O Nh5 12. Bg3 Nxg3 13. hxg3 b5 14. b4 Bd6 15. a4 a6
16. Bd1 O-O 17. Bc2 Bxc2 18. Qxc2 f5 19. axb5 axb5 20. Qb2 Qc7 21. Ra3 Qb7 22.
Rfa1 Rfb8 23. Qa2 Rxa3 24. Qxa3 Kf7 25. Kf1 g5 26. Ra2 Qc7 27. Qb2 Rb7 28. Ra6
Ra7 29. Qa3 Qb7 30. Rxa7 Qxa7 31. Qxa7+ Nxa7 32. Nb1 Ke7 33. Ke2 Kd7 34. Na3 Kc6
35. Kd2 Nc8 36. Nc2 Nb6 37. Na3 Na4 38. Kc2 Nb6 39. Kd2 Nd7 40. Nc2 Nf6 41. Ne5+
Bxe5 42. dxe5 Ne4+ 43. Ke1 Nxc3 44. Nd4+ Kd7 45. Kd2 Ne4+ 46. Ke2 Nc3+ 47. Kd2
Na2 48. Nxb5 Nxb4 49. Nd6 Nd3 50. f4 g4 51. Nf7 Ke7 52. Nd6 {White resigns} 0-1